 Dungeon Crawl Stone Soup version 0.28.0-53-g5a82cb258f (webtiles) character file.

Game seed: 6048365142722363587

4454 safid the Geomancer (level 10, -1/67 HPs)
             Began as a Gargoyle Earth Elementalist on Aug 30, 2022.
             Slain by a hornet (9 damage)
             ... on level 9 of the Dungeon.
             The game lasted 00:15:07 (10747 turns).

safid the Geomancer (Gargoyle Earth Elementalist)  Turns: 10747, Time: 00:15:08

Health: -1/67      AC: 11    Str: 12    XL:     10   Next: 37%
Magic:  4/22       EV: 12    Int: 20    God:
Gold:   523        SH:  0    Dex: 15    Spells: 22/26 levels left

rFire   . . .      SeeInvis +   E - +9 morningstar of Gallantry {elec, Fragile Dex+5 SInv}
rCold   + . .      Faith    .   (no shield)
rNeg    + . .      Spirit   .   t - +1 robe {rC+}
rPois   ∞          Reflect  .   (no helmet)
rElec   +          Harm     .   (no cloak)
rCorr   +          Rampage  .   (no gloves)
Will    .....                   u - +0 pair of boots
Stlth   ++........              (no amulet)
HPRegen 0.21/turn               j - ring of resist corrosion
MPRegen 0.18/turn               (no ring)

@: no status effects
A: sickness immunity, AC +7, negative energy resistance 1, electricity
resistance, torment resistance 1, petrification resistance
a: no special abilities


You were on level 9 of the Dungeon.
You visited 2 branches of the dungeon, and saw 10 of its levels.

You collected 523 gold pieces.

Inventory:

Hand Weapons
 o - a +2 rapier of flaming
 E - the +9 morningstar of Gallantry (weapon) {elec, Fragile Dex+5 SInv}
   (You found it on level 8 of the Dungeon)

   It occasionally discharges a powerful burst of electricity upon striking a
   foe.
   Dex:       It affects your dexterity (+5).
   SInv:      It lets you see invisible.
   Fragile:   It will be destroyed if unequipped.
Missiles
 c - 151 stones
 s - 2 curare-tipped darts
Armour
 t - a +1 robe of cold resistance (worn)
 u - a +0 pair of boots (worn)
Jewellery
 j - a ring of resist corrosion (left hand)
 C - a ring of willpower
Wands
 w - a wand of flame (60)
 x - a wand of iceblast (4)
 y - a wand of paralysis (1)
 B - a wand of mindburst (20)
Scrolls
 a - 3 scrolls of torment
 b - 2 scrolls of immolation {unknown}
 h - 2 scrolls of enchant armour
 k - a scroll of fear {unknown}
 l - 2 scrolls of amnesia {unknown}
 n - 2 scrolls of blinking
 p - a scroll of acquirement {unknown}
 q - 3 scrolls of identify
 z - a scroll of brand weapon {unknown}
 A - 2 scrolls of teleportation {unknown}
Potions
 d - 3 potions of brilliance {unknown}
 e - 5 potions of heal wounds
 f - 2 potions of might {unknown}
 g - 5 potions of curing
 i - a potion of cancellation {unknown}
 m - 2 potions of degeneration {unknown}
 r - a potion of attraction {unknown}
 v - a potion of resistance {unknown}
 D - 2 potions of magic {unknown}


   Skills:
 + Level 9.6 Fighting
 - Level 2.0 Dodging
 - Level 2.1 Stealth
 + Level 8.5 Spellcasting
 - Level 1.0 Transmutations
 - Level 10.0 Earth Magic


You had 22 spell levels left.
You knew the following spells:

 Your Spells              Type           Power      Damage    Failure   Level
a - Sandblast             Erth           96%        2d20      1%          1
b - Stone Arrow           Conj/Erth      56%        3d10      3%          3

Your spell library contained the following spells:

 Spells                   Type           Power      Damage    Failure   Level
 Passwall                 Tmut/Erth      25%        N/A       1%          2
 Animate Skeleton         Necr           16%        N/A       9%          1
 Apportation              Tloc           16%        N/A       9%          1
 Summon Small Mammal      Summ           32%        N/A       9%          1
 Petrify                  Tmut/Erth      30%        N/A       9%          4
 Blink                    Tloc           16%        N/A       12%         2
 Corpse Rot               Necr/Air       16%        N/A       12%         2
 Poisonous Vapours        Pois/Air       16%        N/A       12%         2
 Borgnjor's Vile Clutch   Necr/Erth      14%        N/A       28%         5
 Animate Dead             Necr           4%         N/A       63%         4
 Alistair's Intoxication  Tmut/Pois      6%         N/A       88%         5
 Manifold Assault         Tloc           8%         N/A       92%         5
 Death Channel            Necr           4%         N/A       100%        6
 Storm Form               Tmut/Air       5%         N/A       100%        7


Dungeon Overview and Level Annotations

Branches:
Dungeon (9/15)             Temple (1/1) D:5             Orc (0/2) D:9
   Lair: D:8-11

Altars:
Ashenzari
Cheibriados
Dithmenos
Elyvilon
Fedhas
Gozag
Kikubaaqudgha
Makhleb
Nemelex Xobeh
Okawaru
Ru
Trog
Uskayaw
Xom
Yredelemnul
Zin
The Shining One


Innate Abilities, Weirdness & Mutations

You are immune to sickness and miasma.
Your stone body is resilient. (AC +7)
You are immune to poison.
You resist negative energy. (rN+)
You are resistant to electric shocks. (rElec)
You are resistant to unholy torment.
You are immune to petrification.


Message History

The howler monkey barely misses you. The centaur hits you.
The centaur barely misses you. The orc barely misses you.
The howler monkey hoots and howls with incredible vigour!
You hear an angry buzzing noise. x2
Found 19 stones.
The centaur hits you but does no damage.
The centaur kicks you but does no damage.
The centaur closely misses you.
The centaur kicks you but does no damage.
Unknown command.
The hornet barely misses you.
The centaur wields a +0 shortbow.
The centaur shoots an arrow.
The arrow hits you but does no damage. The hornet stings you.
A killer bee comes into view.
The centaur shoots an arrow.
The arrow hits you.
The howler monkey hoots and howls with incredible vigour!
You hear an angry buzzing noise.
You hear a shout!
The centaur shoots an arrow.
The arrow hits you.
* * * LOW HITPOINT WARNING * * *
The hornet stings you!
* * * LOW HITPOINT WARNING * * *
You hear a bellow!
A killer bee comes into view.
The killer bee buzzes angrily.
A killer bee comes into view. x2
The howler monkey hoots and howls with incredible vigour!
The killer bee buzzes angrily.
You hear a shout!
You hear a roar!
You hear a shout!
The hornet stings you.
* * * LOW HITPOINT WARNING * * *
Casting: Stone Arrow (dangerous; 3% risk of failure)
Confirm with . or Enter, or press ? or * to list all spells.
Aiming: Sandblast (safe; 1% risk of failure)
Press: ? - help, Shift-Dir - straight line, f/p - howler monkey
Aim: a howler monkey (moderately wounded, catching its breath, 81% to hit)
The blast of sand hits the orc!!
You kill the orc!
The killer bee stings you but does no damage.
The hornet stings you!
You die...

.............†.†......
......................
......................
......................
#.....................
#...y.y...............
#.....y..h.c..........
#.......y)............
#.......@yF...........
#.....................
.......<.........|(..
#...................
...................
..................
#................
................
...............


You could see a hornet, a bullfrog, a centaur, a howler monkey (catching breath)
and 4 killer bees.

Vanquished Creatures
  Grinder (D:5)
  Prince Ribbit (D:8)
  5 yaks
  2 steam dragons
  A water moccasin (D:6)
  3 orc warriors
  A black bear (D:4)
  4 ogres
  A necrophage (D:6)
  3 phantoms
  3 kobold brigands
  2 scorpions
  A bullfrog (D:7)
  A water moccasin zombie (D:7)
  7 wights (D:8)
  4 killer bees (D:8)
  3 electric eels (D:8)
  5 howler monkeys
  A bullfrog zombie (D:7)
  4 centaur zombies
  A centaur skeleton (D:6)
  3 hounds
  An orc priest (D:8)
  2 bullfrog skeletons
  2 jellies
  3 iguanas
  4 orc wizards
  2 killer bee zombies
  5 adders
  An adder zombie (D:5)
  2 worms
  2 dart slugs
  29 orcs
  7 ball pythons
  3 bats
  11 endoplasms
  5 giant cockroaches
  6 goblins
  4 hobgoblins
  3 jackals (D:5)
  6 quokkas
  3 frilled lizards
  12 kobolds
  8 rats
178 creatures vanquished.

Vanquished Creatures (others)
  2 fungi (D:9)
  5 plants
7 creatures vanquished.

Grand Total: 185 creatures vanquished

Notes
Turn   | Place    | Note
-------+----------+-------------------------------------------
     0 | D:1      | safid the Gargoyle Earth Elementalist began the quest for
                  | the Orb.
     0 | D:1      | Reached XP level 1. HP: 10/10 MP: 3/3
    70 | D:1      | Found a faded altar of an unknown god.
   284 | D:1      | Reached skill level 1 in Transmutations
   284 | D:1      | Reached XP level 2. HP: 15/16 MP: 5/5
   920 | D:1      | Reached skill level 1 in Fighting
  1511 | D:2      | Reached XP level 3. HP: 18/20 MP: 6/6
  1592 | D:2      | Reached skill level 4 in Earth Magic
  2825 | D:3      | Reached XP level 4. HP: 21/26 MP: 7/7
  4254 | D:4      | Reached XP level 5. HP: 31/31 MP: 5/9
  4359 | D:4      | Reached skill level 5 in Earth Magic
  4492 | D:4      | Noticed a black bear
  4495 | D:4      | Killed a black bear
  4496 | D:4      | Reached XP level 6. HP: 37/37 MP: 8/11
  4849 | D:4      | Reached skill level 6 in Earth Magic
  4849 | D:4      | Reached XP level 7. HP: 43/43 MP: 8/13
  5227 | D:5      | Entered Level 5 of the Dungeon
  5458 | D:5      | Noticed Grinder
  5461 | D:5      | Paralysed by Grinder for 6 turns
  5471 | D:5      | Killed Grinder
  5472 | D:5      | Reached skill level 5 in Fighting
  5472 | D:5      | Reached skill level 7 in Earth Magic
  5472 | D:5      | Reached XP level 8. HP: 49/49 MP: 8/15
  5636 | D:5      | Reached skill level 5 in Spellcasting
  6048 | D:5      | Found a staircase to the Ecumenical Temple.
  6057 | Temple   | Entered the Ecumenical Temple
  6307 | D:5      | Found a sparkling altar of Nemelex Xobeh.
  6560 | D:6      | Found a white marble altar of Elyvilon.
  6672 | D:6      | Reached skill level 8 in Earth Magic
  6676 | D:6      | Learned a level 3 spell: Stone Arrow
  7135 | D:6      | Found an iron altar of Okawaru.
  7253 | D:6      | Found a burning altar of Makhleb.
  7662 | D:7      | Reached XP level 9. HP: 52/56 MP: 18/18
  8301 | D:7      | Reached skill level 9 in Earth Magic
  8808 | D:8      | Identified the +9 morningstar of Gallantry {elec, Fragile
                  | Dex+5 SInv}
  9312 | D:8      | Noticed Prince Ribbit
  9338 | D:8      | Killed Prince Ribbit
  9460 | D:8      | Found an ancient bone altar of Kikubaaqudgha.
  9464 | D:8      | Reached skill level 10 in Earth Magic
  9539 | D:8      | Reached XP level 10. HP: 64/65 MP: 21/21
  9586 | D:8      | Found a transporter.
 10482 | D:8      | Found a transporter.
 10660 | D:8      | Paralysed by an orc for 3 turns
 10714 | D:9      | Found a staircase to the Orcish Mines.
 10747 | D:9      | Slain by a hornet

Illustrated notes

Levels and vault maps discovered:
D:1:      minmay_arrival_nine_rooms, layout_loops_ring, basic_ecumenical_altar,
          hex_large
D:2:      layout_basic, kennysheep_minor_cross, st_stairs_1, kennysheep_path_1,
          minmay_rat_gold_closets
D:3:      kennysheep_big_flooded_room, layout_loops_ring, minivault_5,
          minmay_randomly_rotated_circles
D:4:      layout_cave_pools
D:5:      layout_loops_cross, kennysheep_mini_moat, minmay_temple_entry_mist,
          uniq_grinder
D:6:      layout_loops_ring, old_standard_altar, kennysheep_okawaru_gauntlet,
          lightli_temple_of_fire
D:7:      layout_basic
D:8:      gammafunk_steamed_eel, layout_basic, kennysheep_mini,
          uniq_prince_ribbit1
D:9:      layout_basic, mainiacjoe_overflow_tiny_flanked,
          minmay_overflow_temple_star_quad, grunt_lair_entry_orc_guard_hut,
          orc_0_dummy, st_stairs_1, uniq_erolcha
Temple:   nicolae_temple_no_exploring_needed

Skill      XL: |  1  2  3  4  5  6  7  8  9 10 |
---------------+-------------------------------+-----
Transmutations | 1 |  1.0
Fighting       | 1 2 3 4 5 6 8 9 |  9.6
Earth Magic    | 4 5 6 7 8 10 | 10.0
Dodging        | 2 |  2.0
Spellcasting   | 3 4 6 7 8 |  8.5
Stealth        | |  2.1

Action                   |  1- 3 |  4- 6 |  7- 9 | 10-12 || total
-------------------------+-------+-------+-------+-------++-------
Melee: Unarmed           |    22 |       |       |       ||    22
       Spear             |   128 |    27 |       |       ||   155
       Punch             |     1 |       |     5 |       ||     6
       Rapier            |       |    43 |   133 |       ||   176
       Morningstar       |       |       |    17 |    21 ||    38
 Cast: Sandblast         |    20 |    33 |    40 |     4 ||    97
       Stone Arrow       |       |       |    50 |    33 ||    83
  Use: Scroll            |       |       |     5 |       ||     5
 Stab: Sleeping          |     7 |     3 |     3 |       ||    13
Armor: Robe              |    52 |    34 |    93 |    27 ||   206
Dodge: Dodged            |    91 |    57 |   157 |    34 ||   339
